 Dungeon Crawl Stone Soup version 0.20.1-2-g1830e616b0 (webtiles) character file.

93 Alfie the Shooter (level 4, -5/38 HPs)
             Began as a Minotaur Hunter on Feb 13, 2020.
             Slain by a gnoll
             ... wielding a +0 halberd
              (6 damage)
             ... on level 3 of the Dungeon.
             The game lasted 00:04:54 (1417 turns).

Alfie the Shooter (Minotaur Hunter)                 Turns: 1417, Time: 00:04:54

Health: -5/38      AC:  3    Str: 17    XL:     4   Next: 36%
Magic:  3/3        EV: 12    Int:  8    God:
Gold:   99         SH:  0    Dex: 11    Spells: 3/3 levels left

rFire    . . .     SeeInvis .   a - +1 shortbow
rCold    . . .     Gourm    .   (shield currently unavailable)
rNeg     . . .     Faith    .   c - +0 leather armour
rPois    .         Spirit   .   (helmet restricted)
rElec    .         Reflect  .   (no cloak)
rCorr    .         Harm     .   (no gloves)
MR       .....                  (no boots)
Stlth    +.........             (no amulet)
Regen    0.2/turn               (no ring)
MPRegen  0.1/turn               (no ring)

@: no status effects
A: retaliatory headbutt, horns 2
a: no special abilities


You were on level 3 of the Dungeon.
You were not hungry.

You visited 1 branch of the dungeon, and saw 3 of its levels.

You collected 99 gold pieces.

Inventory:

Hand Weapons
 a - a +1 shortbow (weapon)
 b - a +0 short sword
Missiles
 d - 5 arrows (quivered)
Armour
 c - a +0 leather armour (worn)
Jewellery
 k - an uncursed amulet of regeneration {unknown}
Scrolls
 h - 2 scrolls of teleportation {unknown}
 i - a scroll of enchant weapon {unknown}
 j - a scroll of fog {unknown}
Potions
 e - a potion of might {unknown}
Comestibles
 f - 3 bread rations
 g - 2 royal jellies


   Skills:
 + Level 3.0 Fighting
 + Level 0.9 Short Blades
 + Level 5.8 Bows
 + Level 0.8 Armour
 + Level 2.4 Dodging
 + Level 0.7 Stealth


You had 3 spell levels left.
You didn't know any spells.

Dungeon Overview and Level Annotations

Branches:
Dungeon (3/15)

Altars:


Innate Abilities, Weirdness & Mutations

You reflexively headbutt those who attack you in melee.
You have a pair of horns on your head.


Message History

The gnoll barely misses you.
Wield which item (- for none, * to show all)? (? for menu, Esc to quit)
a - a +1 shortbow (weapon)
The gnoll hits you from afar with a spear.
* * * LOW HITPOINT WARNING * * *
Firing (i - inventory):
d - 7 arrows (quivered)
Press: ? - help, Shift-Dir - straight line, f - gnoll
Aim: a gnoll, wielding a club You shoot an arrow.
The arrow hits the gnoll.
The gnoll is heavily wounded.
The gnoll hits you but does no damage. x2
Firing (i - inventory):
d - 6 arrows (quivered)
Press: ? - help, Shift-Dir - straight line, f/p - gnoll
Aim: a gnoll, wielding a club (heavily wounded)
You shoot an arrow. The arrow barely misses the gnoll.
The arrow hits the gnoll but does no damage.
The gnoll hits you from afar with a spear.
* * * LOW HITPOINT WARNING * * *
The gnoll hits you from afar with a halberd.
You die...

#.. .$..$...# #.##.......#
#############..........#
#..........##..#.†.....#
#..............#...#+###
#..†...........#...#.#
##..............gg(...#
............####g##.......
.......†.......#@# .......
............#....# .....$.
##..........#...## .......
#........††##### .......
#........†<+ .......
#..........# ......?
############


You could see 3 gnolls.

Vanquished Creatures
  4 adders
  A dart slug (D:1)
  4 leopard geckos (D:2)
  3 goblins
  6 hobgoblins
  5 jackals (D:1)
  A quokka (D:3)
  10 bats
  7 frilled lizards
  6 kobolds
  4 rats
51 creatures vanquished.

Notes
Turn   | Place    | Note
-------+----------+-------------------------------------------
     0 | D:1      | Alfie the Minotaur Hunter began the quest for the Orb.
     0 | D:1      | Reached XP level 1. HP: 18/18 MP: 0/0
   125 | D:1      | Reached XP level 2. HP: 25/25 MP: 1/1
   249 | D:1      | Reached skill level 5 in Bows
   689 | D:1      | Reached XP level 3. HP: 22/30 MP: 2/2
  1290 | D:2      | Reached XP level 4. HP: 35/38 MP: 3/3
  1417 | D:3      | HP: 1/38 [gnoll/spear (2)]
  1417 | D:3      | Slain by a gnoll

Skill      XL: |  1  2  3 |
---------------+----------+-----
Bows           | 5 |  5.8
Fighting       | 3 |  3.0
Short Blades   | |  0.9
Armour         | |  0.8
Dodging        | |  2.4
Stealth        | |  0.7

Action                   |  1- 3 |  4- 6 || total
-------------------------+-------+-------++-------
Melee: Short sword       |    35 |     8 ||    43
       Headbutt          |     5 |       ||     5
 Fire: Shortbow          |    81 |     8 ||    89
  Use: Scroll            |     1 |       ||     1
  Eat: Royal jelly       |     1 |       ||     1
Armor: Leather armour    |    12 |     4 ||    16
Dodge: Dodged            |    52 |    14 ||    66
